 Dungeon Crawl Stone Soup version 0.16-a0-3963-gf3423b3 (webtiles) character file.

191 Gronka the Shield-Bearer (level 6, 0/47 HPs)
             Began as a Human Fighter on Feb 10, 2015.
             Slain by a white imp (2 damage)
             ... summoned by Natasha
             ... on level 4 of the Dungeon.
             The game lasted 00:05:54 (3151 turns).

Gronka the Shield-Bearer (Human Fighter)            Turns: 3151, Time: 00:05:54

Health: 0/47       AC:  0    Str: 19    XL:     6   Next: 2%
Magic:  6/6        EV: 14    Int: 13    God:
Gold:   152        SH:  0    Dex: 12    Spells: 0 memorised, 5 levels left

rFire  . . .     SeeInvis .     a - melded +0 trident
rCold  . . .     Clarity  .     x - melded +0 chain mail
rNeg   . . .     SustAb   .     c - melded +0 shield
rPois  .         Gourm    .     f - melded +0 helmet
rElec  .         Spirit   .     (cloak currently unavailable)
rCorr  .         Warding  .     (gloves currently unavailable)
rMut   .         Stasis   .     (boots currently unavailable)
MR     .....                    (no amulet)
Stlth  +.........               p - melded ring of protection from fire
                                n - melded ring of poison resistance

@: brilliant, pig-form, hasted and slowed, very quick, not resistant to hostile
enchantments, very unstealthy
A: no striking features
a: no special abilities


You were on level 4 of the Dungeon.
You were not hungry.
You were a filthy swine.
You visited 1 branch of the dungeon, and saw 4 of its levels.

You collected 152 gold pieces.

Inventory:

Hand weapons
 a - a +0 trident (melded)
Armour
 b - a +0 scale mail
 c - a +0 shield (melded)
 f - a +0 helmet (melded)
 x - a +0 chain mail (melded)
Jewellery
 n - a ring of poison resistance (melded)
 p - a ring of protection from fire (melded)
Scrolls
 g - 4 scrolls of remove curse {unknown}
 h - a scroll of fear {unknown}
 j - 3 scrolls of identify {unknown}
 m - a scroll of fog {unknown}
 o - a scroll of amnesia {unknown}
 w - a scroll of magic mapping {unknown}
 y - a scroll of immolation {unknown}
Potions
 d - a potion of degeneration {unknown}
 e - a potion of might
 k - 3 potions of curing {unknown}
 l - 2 potions of poison {unknown}
 q - 2 potions of brilliance
 r - a potion of haste
 s - a potion of ambrosia {unknown}
 v - a potion of beneficial mutation {unknown}
Comestibles
 i - 3 fruits
 t - 2 beef jerkies
 u - a bread ration


   Skills:
 + Level 3.5 Fighting
 + Level 2.6 Polearms
 + Level 3.9 Armour
 + Level 2.4 Dodging
 + Level 4.1 Shields


You had 5 spell levels left.
You didn't know any spells.

Dungeon Overview and Level Annotations

Branches:
Dungeon (4/15)
 Temple: D:4-7

Altars:
Kikubaaqudgha

Annotations:
D:4 Natasha


Message History

Natasha claws you.
Natasha mumbles some strange words.
The white imp gestures at you. The puff of frost hits you!
Natasha stares at you and mumbles some strange words.
The magic dart hits you!
* * * LOW HITPOINT WARNING * * *
Drink which item? (? for menu, Esc to quit)
It was a potion of brilliance.
You feel clever all of a sudden.
Natasha mumbles some strange words.
The white imp hits you.
* * * LOW HITPOINT WARNING * * *
The white imp freezes you.
* * * LOW HITPOINT WARNING * * *
Drink which item? (? for menu, Esc to quit)
It was a potion of haste.
You feel yourself speed up. The white imp hits you.
* * * LOW HITPOINT WARNING * * *
The white imp freezes you.
You die...

#.............
#.............
##.............
###########......#######.
##............<.### ##
#..............## #
#..............#
#....##h.......#
#.......5h.....#
##.....55......## #
############...# ####
#...#######...
##....#......##
#.........####
#..###h<### #..## #5.#
#..# #(.#


You could see Natasha and 3 white imps.

Vanquished Creatures
  An orc priest (D:3)
  A hound (D:4)
  5 adders
  A gnoll (D:1)
  A giant mite (D:4)
  4 worms
  4 orcs (D:3)
  4 giant cockroaches
  8 goblins
  5 hobgoblins
  2 jackals (D:3)
  9 kobolds
  A quokka (D:2)
  A ball python (D:2)
  5 bats
  5 giant newts
  12 rats
69 creatures vanquished.

Notes
Turn   | Place    | Note
--------------------------------------------------------------
     0 | D:1      | Gronka, the Human Fighter, began the quest for the Orb.
     0 | D:1      | Reached XP level 1. HP: 18/18 MP: 1/1
   268 | D:1      | Reached XP level 2. HP: 24/24 MP: 2/2
   751 | D:1      | HP: 1/24 [poisoned by a hobgoblin]
  1287 | D:1      | Reached skill level 1 in Dodging
  1287 | D:1      | Reached XP level 3. HP: 25/29 MP: 3/3
  1487 | D:2      | Found an ancient bone altar of Kikubaaqudgha.
  1519 | D:2      | Reached XP level 4. HP: 25/35 MP: 4/4
  2328 | D:3      | Reached XP level 5. HP: 37/41 MP: 5/5
  2764 | D:4      | Reached skill level 4 in Shields
  2849 | D:4      | Reached XP level 6. HP: 18/47 MP: 6/6
  3110 | D:4      | Noticed Natasha
  3151 | D:4      | HP: 2/47 [white imp[Natasha] (3)]
  3151 | D:4      | Slain by a white imp

Action                   |  1- 3 |  4- 6 || total
-------------------------+-------+-------++-------
Melee: Trident           |   115 |   182 ||   297
  Use: Potion            |     2 |     2 ||     4
  Eat: Bread ration      |     1 |       ||     1
       Meat ration       |       |     1 ||     1
